 Dungeon Crawl Stone Soup version 0.28-a0-1493-g08698888e4 (webtiles) character file.

Game seed: 8116118168727772830

9 knot the Chopper (level 2, 20/24 HPs)
             Began as a Demonspawn Berserker on Jan 13, 2022.
             Was a Follower of Trog.
             Quit the game on level 1 of the Dungeon.
             The game lasted 00:00:21 (465 turns).

knot the Chopper (Demonspawn Berserker)              Turns: 465, Time: 00:00:21

Health: 20/24      AC:  2    Str: 17    XL:     2   Next: 3%
Magic:  2/2        EV: 12    Int:  8    God:    Trog [*.....]
Gold:   74         SH:  0    Dex: 12    Spells: 1/1 levels left

rFire   . . .      SeeInvis .   a - +0 hand axe
rCold   . . .      Faith    .   (no shield)
rNeg    . . .      Spirit   .   b - +0 animal skin
rPois   .          Reflect  .   (no helmet)
rElec   .          Harm     .   (no cloak)
rCorr   .          Rampage  .   (no gloves)
Will    .....                   (no boots)
Stlth   +.........              (no amulet)
HPRegen 0.08/turn               (no ring)
MPRegen 0.08/turn               (no ring)

@: no status effects
A: powered by pain 1
a: Renounce Religion, Berserk


You were on level 1 of the Dungeon.
You worshipped Trog.
Trog was aware of your devotion.
You visited 1 branch of the dungeon, and saw 1 of its levels.

You collected 74 gold pieces.

Inventory:

Hand Weapons
 a - a +0 hand axe (weapon)
Armour
 b - a +0 animal skin (worn)
Scrolls
 c - a scroll of identify {unknown}
 d - a scroll of fog {unknown}
Potions
 e - 2 potions of ambrosia {unknown}
 f - a potion of degeneration {unknown}


   Skills:
 - Level 3.0 Fighting
 + Level 3.2 Axes
 - Level 1.7 Armour
 - Level 1.7 Dodging


You had one spell level left.
You didn't know any spells.
Your spell library was empty.

Dungeon Overview and Level Annotations

Branches:
Dungeon (1/15)

Altars:


Innate Abilities, Weirdness & Mutations

You sometimes gain a little power by taking damage.


Message History

The bat misses you.
You closely miss the bat. The bat hits you but does no damage.
The bat barely misses you. The bat barely misses you. The bat hits you.
You slash the bat!
You kill the bat!
Trog accepts your kill.
No target in view!
No target in view!
No target in view!
You now have 49 gold pieces (gained 16).
You now have 62 gold pieces (gained 13).
You now have 74 gold pieces (gained 12).
Found an escape hatch in the floor.
f - a pink potion No target in view!
No target in view!
No target in view!
No target in view!
A ball python and a goblin come into view.
The goblin shouts!
The ball python hisses angrily.
You hear an angry hiss.
You hear a bark!
The goblin moves out of view.
A ball python is nearby!
A ball python comes into view.
The ball python moves out of view.
A jackal comes into view.
You hit the ball python.
You kill the ball python!
Trog accepts your kill.
You barely miss the goblin. The goblin hits you with a +0 dagger.
You barely miss the goblin. The goblin hits you with a +0 dagger.
You hit the goblin.
You kill the goblin!
Trog accepts your kill. The ball python closely misses you.
The ball python misses you.
You have reached level 2!
Your demonic ancestry asserts itself...
You feel energised by your suffering.
Are you sure you want to abandon this character and quit the game? (Confirm with "yes".)

.#.# ##....##.# .#.#
#.....##.# ...#
#.....##.#
...#####.....##.#######
.......................
...###.....#.##.###.###
.............##.###.####
..#######.#..##.>.......
.............##.@##.###
......#####..##†S#
.†...............h
......#####..###...
......... #. #....
..###..#. # #..... ..#
#...... #.##.#. ..#
##..# # #.# .#.# ###.#
..# [.. .....


You could see a jackal and a ball python.

Vanquished Creatures
  A dart slug (D:1)
  A goblin (D:1)
  A kobold (D:1)
  A ball python (D:1)
  2 bats (D:1)
  A frilled lizard (D:1)
7 creatures vanquished.

Notes
Turn   | Place    | Note
-------+----------+-------------------------------------------
     0 | D:1      | knot the Demonspawn Berserker began the quest for the Orb.
     0 | D:1      | Reached XP level 1. HP: 18/18 MP: 1/1
   266 | D:1      | Found a faded altar of an unknown god.
   465 | D:1      | Gained mutation: You sometimes gain a little power by
                  | taking damage. [demonic ancestry]
   465 | D:1      | Reached XP level 2. HP: 20/24 MP: 2/2
   465 | D:1      | Quit the game

Illustrated notes

Levels and vault maps discovered:
D:1:      dpeg_arrival_concentric_ovals, layout_basic,
          shapermc_ecumenical_altar_gd

Skill      XL: |  1 |
---------------+----+-----
Axes           | 3 |  3.2
Fighting       | |  3.0
Armour         | |  1.7
Dodging        | |  1.7

Action                   || total
-------------------------++-------
Melee: Hand axe          ||    14
       Punch             ||     1
Armor: Animal skin       ||     5
Dodge: Dodged            ||    10

Table legend: (Time is in decaauts)
 A = Elapsed time spent in this place.
 B = Non-inter-level travel time spent in this place.
 C = Inter-level travel time spent in this place.
 D = Time resting spent in this place.
 E = Time spent auto-exploring this place.
 F = Levels seen in this place.
 G = Mean time per level.
                   A        B        C        D        E       F      G
               +--------+--------+--------+--------+--------+-----+--------+
         Total |    466 |    466 |      0 |      0 |    416 |   1 |  466.0 |
       Dungeon |    466 |    466 |      0 |      0 |    416 |   1 |  466.0 |
               +--------+--------+--------+--------+--------+-----+--------+

Top non-repeatable levels by time:
     D:1: 466 daAuts
